 Dungeon Crawl Stone Soup version 0.31.0-11-ge490571c62 (webtiles) character file.

Game seed: 13998011983840632716

1794 Arctor the Thaumaturge (level 8, -1/41 HPs)
             Began as a Deep Elf Fire Elementalist on Feb 1, 2024.
             Slain by a gnoll sergeant
             ... wielding a +1 spear of flaming
              (2 damage)
             ... on level 7 of the Dungeon.
             The game lasted 00:11:00 (7768 turns).

Arctor the Thaumaturge (Deep Elf Fire Elementalist) Turns: 7768, Time: 00:11:01

Health: -1/41      AC:  4    Str: 11    XL:     8   Next: 82%
Magic:  12/22      EV: 13    Int: 23    God:
Gold:   330        SH:  0    Dex: 15    Spells: 10/23 levels left

rFire   + . .        i - staff of fire
rCold   . . .        (no shield)
rNeg    + . .        a - +0 robe
rPois   .            (no helmet)
rElec   .            d - +0 cloak
rCorr   .            D - +0 pair of gloves
SInv    .            (no boots)
Will    .....        (no amulet)
Stlth   +++          r - ring of positive energy
HPRegen 1.06/turn    y - +6 ring of strength
MPRegen 0.18/turn

%: no passive effects
@: no status effects
A: regeneration 1
a: no special abilities


You were on level 7 of the Dungeon.
You visited 1 branch of the dungeon, and saw 7 of its levels.

You collected 330 gold pieces.

Inventory:

Hand Weapons
 F - a +0 orcbow
Missiles
 j - 12 poisoned darts
Armour
 a - a +0 robe (worn)
 d - a +0 cloak (worn)
 D - a +0 pair of gloves (worn)
Magical Staves
 i - a staff of fire (weapon)
 p - a staff of conjuration
Jewellery
 l - a ring of positive energy
 n - a ring of fire
 r - a ring of positive energy (left hand)
 y - a +6 ring of strength (right hand)
 E - a ring of protection from cold
Wands
 u - a wand of flame (8)
Scrolls
 c - 4 scrolls of noise
 e - a scroll of poison
 f - 2 scrolls of vulnerability
 h - 2 scrolls of enchant weapon
 q - 2 scrolls of amnesia
 t - a scroll of butterflies
 v - 2 scrolls of teleportation
 w - a scroll of brand weapon {unknown}
 x - a scroll of fog {unknown}
 z - a scroll of enchant armour {unknown}
 A - a scroll of silence {unknown}
Potions
 b - a potion of magic
 g - a potion of mutation
 k - a potion of lignification
 m - a potion of ambrosia {unknown}
 o - a potion of curing {unknown}
 s - a potion of brilliance {unknown}
 B - a potion of enlightenment {unknown}
 C - a potion of haste {unknown}


   Skills:
 - Level 1.6 Staves
 - Level 4.0 Dodging
 - Level 4.3 Stealth
 - Level 8.0 Spellcasting
 + Level 6.9 Conjurations
 + Level 7.6 Fire Magic


You had 10 spell levels left.
You knew the following spells:

 Your Spells              Type           Power      Damage    Failure   Level
a - Foxfire               Conj/Fire      100%       2x1d9     1%          1
b - Scorch                Fire           100%       2d9       1%          2
c - Flame Wave            Conj/Fire      59%        2d14      3%          4
d - Starburst             Conj/Fire      29%        6d9       47%         6

Your spell library contained the following spells:

 Spells                   Type           Power      Damage    Failure   Level
 Magic Dart               Conj           100%       1d8       1%          1
 Searing Ray              Conj           82%        2d7       1%          2
 Dazzling Flash           Conj/Hex       50%        N/A       4%          3
 Inner Flame              Hex/Fire       40%        N/A       4%          3
 Volatile Blastmotes      Fire/Tloc      80%        2d16      4%          3
 Cigotuvi's Dreadful Rot  Necr/Alch/Air  18%        N/A       11%         2
 Fulminant Prism          Conj/Alch      12%        3d8       17%         4
 Dispel Undead            Necr           9%         3d8       56%         4
 Martyr's Knell           Necr/Summ      9%         N/A       56%         4
 Death Channel            Necr           4%         N/A       100%        6
 Maxwell's Capacitive Co  Air            4%         ∞         100%        8


Dungeon Overview and Level Annotations

Branches:
Dungeon (7/15)
 Temple: D:4-7

Altars:
Elyvilon
Fedhas
Nemelex Xobeh
Qazlal
Uskayaw
Wu Jian

Shops:
D:3 ==*[   D:5 =

Annotations:
D:2 1 runed translucent door, Crazy Yiuf
D:7 exclusion: oklob plant


Innate Abilities, Weirdness & Mutations

Your natural rate of healing is unusually fast.


Message History

The gnoll shouts!
The gnoll sergeant closely misses you.
Your foxfire dissipates!
The gnoll attacks as it pursues you! The gnoll hits you with a +0 flail!
Casting: Scorch (safe; 1% risk of failure)
Confirm with . or Enter, or press ? or * to list all spells.
You feel a surge of power!
Flames lash the gnoll.
The gnoll is burned terribly!
You kill the gnoll!
Unknown command.
The gnoll sergeant attacks as it pursues you!
The gnoll sergeant barely misses you.
Casting: Scorch (safe; 1% risk of failure)
Confirm with . or Enter, or press ? or * to list all spells.
You feel a surge of power!
Flames lash the gnoll sergeant.
The gnoll sergeant is moderately wounded.
The gnoll sergeant's fire resistance burns away.
The gnoll hits you with a +0 flail.
The gnoll sergeant hits you from afar with a +1 spear of flaming!
The gnoll attacks as it pursues you! The gnoll closely misses you.
The gnoll sergeant attacks as it pursues you!
The gnoll sergeant closely misses you.
Casting: Scorch (safe; 1% risk of failure)
Confirm with . or Enter, or press ? or * to list all spells.
You feel a surge of power!
Flames lash the gnoll sergeant.
The gnoll sergeant is burned terribly!
The gnoll sergeant is almost dead.
The gnoll hits you with a +0 flail. The gnoll sergeant misses you.
Unknown command.
The gnoll sergeant attacks as it pursues you!
The gnoll sergeant hits you from afar with a +1 spear of flaming.
Casting: Scorch (safe; 1% risk of failure)
Confirm with . or Enter, or press ? or * to list all spells.
You feel a surge of power!
Flames lash the gnoll.
The gnoll is severely wounded.
The gnoll's fire resistance burns away.
The gnoll hits you with a +0 flail.
* * * LOW HITPOINT WARNING * * *
The gnoll sergeant hits you from afar with a +1 spear of flaming!
* * * LOW HITPOINT WARNING * * *
The gnoll sergeant burns you.
You die...

# ##### ### ##. ....#
#.# .... ###...## .##
....g#####......# ##
.......#.gg.....# #
#......)###g....##
##...J### #.@....###
#... #........# ##.#
##........ # #.#
#........ # #.#
#........ ## #.#
##........ .# ##.##
##.........
.#####...#####..........
..#.....................


You could see a gnoll sergeant (combustible) and 2 gnolls.

Vanquished Creatures
  A steam dragon (D:7)
  A sky beast (D:5)
  A black bear (D:7)
  4 ogres
  A centaur (D:7)
  A bullfrog (D:7)
  2 scorpions (D:4)
  3 howler monkeys
  7 jellies
  2 orc priests
  2 hounds (D:5)
  3 iguanas
  An orc wizard (D:5)
  8 gnolls
  9 adders
  A river rat (D:5)
  A shadow imp (D:5)
  A white imp (D:5)
  3 ribbon worms
  5 dart slugs
  12 orcs
  7 bats
  22 endoplasms
  4 giant cockroaches
  5 goblins
  12 hobgoblins
  2 jackals (D:1)
  10 kobolds
  6 quokkas
  8 ball pythons
  3 frilled lizards
  4 rats
152 creatures vanquished.

Vanquished Creatures (collateral kills)
  A foxfire (D:7)
1 creature vanquished.

Vanquished Creatures (others)
  432 foxfires
432 creatures vanquished.

Grand Total: 585 creatures vanquished

Notes
Turn   | Place    | Note
-------+----------+-------------------------------------------
     0 | D:1      | Arctor the Deep Elf Fire Elementalist began the quest for
                  | the Orb.
     0 | D:1      | Reached XP level 1. HP: 10/10 MP: 6/6
     2 | D:1      | Noticed a ghoul
     4 | D:1      | Noticed a minotaur
     4 | D:1      | Noticed a spriggan
     8 | D:1      | Noticed a vampire
     8 | D:1      | Noticed a draconian
    10 | D:1      | Noticed a demigod
    10 | D:1      | Noticed a tengu
    13 | D:1      | Noticed a barachi
    13 | D:1      | Noticed a formicid
    15 | D:1      | Noticed a human
    15 | D:1      | Noticed an oni
    17 | D:1      | Noticed an octopode
    17 | D:1      | Noticed a demonspawn
    19 | D:1      | Noticed a troll
    19 | D:1      | Noticed a gargoyle
    21 | D:1      | Noticed an elf
    21 | D:1      | Noticed an armataur
    23 | D:1      | Noticed a naga
    23 | D:1      | Noticed a merfolk
    25 | D:1      | Noticed a djinni
    25 | D:1      | Noticed a vine stalker
    27 | D:1      | Noticed a felid
   211 | D:1      | Reached XP level 2. HP: 6/15 MP: 2/8
   641 | D:1      | Reached XP level 3. HP: 16/19 MP: 6/9
  1711 | D:2      | Reached XP level 4. HP: 23/24 MP: 6/11
  1731 | D:2      | Learned a level 2 spell: Scorch
  1736 | D:2      | Learned a level 4 spell: Flame Wave
  1887 | D:2      | Found a runed translucent door.
  1888 | D:2      | Noticed Crazy Yiuf
  2556 | D:3      | Found Pigur's Assorted Antiques.
  2673 | D:3      | Noticed a +0 hand axe
  2674 | D:3      | Noticed a +0 dagger
  2677 | D:3      | Found a hide-covered altar of Uskayaw.
  2752 | D:3      | Reached skill level 4 in Spellcasting
  2988 | D:3      | Found Cathosk's Jewellery Boutique.
  3237 | D:3      | Reached XP level 5. HP: 28/28 MP: 1/13
  3487 | D:3      | Found Ruckif's Antique Armour Shop.
  3614 | D:3      | Found Tugrih's Jewellery Emporium.
  3880 | D:3      | Found a faded altar of an unknown god.
  3965 | D:4      | Reached skill level 1 in Staves
  4019 | D:4      | Found an ornate altar of the Wu Jian Council.
  4126 | D:4      | Noticed an ogre
  4130 | D:4      | Killed an ogre
  4131 | D:4      | Reached XP level 6. HP: 32/32 MP: 8/14
  4397 | D:4      | Reached skill level 5 in Spellcasting
  4522 | D:4      | Found a stormy altar of Qazlal.
  4813 | D:4      | Reached XP level 7. HP: 36/36 MP: 7/17
  5343 | D:5      | Entered Level 5 of the Dungeon
  5424 | D:5      | Reached skill level 5 in Fire Magic
  5574 | D:5      | Found Folumuva's Jewellery Shoppe.
  5633 | D:5      | Reached skill level 6 in Spellcasting
  5714 | D:5      | Found a white marble altar of Elyvilon.
  6049 | D:5      | Gained mutation: Your natural rate of healing is unusually
                  | fast. [potion of mutation]
  6208 | D:5      | Reached skill level 5 in Conjurations
  6413 | D:5      | Found a white marble altar of Elyvilon.
  6425 | D:5      | Reached XP level 8. HP: 41/41 MP: 10/20
  6643 | D:6      | Reached skill level 7 in Spellcasting
  6715 | D:7      | Found a sparkling altar of Nemelex Xobeh.
  7263 | D:7      | Learned a level 6 spell: Starburst
  7302 | D:7      | Found a blossoming altar of Fedhas.
  7309 | D:7      | Reached skill level 8 in Spellcasting
  7459 | D:7      | Noticed an oklob plant
  7768 | D:7      | HP: 1/41 [gnoll sergeant/+1 spear of flaming (11)]
  7768 | D:7      | Slain by a gnoll sergeant

Illustrated notes

Levels and vault maps discovered:
D:1:      kb_arrival_jail, layout_basic
D:2:      minmay_chambers_of_ones, layout_loops_ring, dk_noncrumbling_4,
          minmay_misc_feat_alley, uniq_crazy_yiuf_cottage
D:3:      layout_loops_corners, dancing_weapons_uskayaw,
          chequers_ecumenical_altar_lobes, serial_shops,
          nicolae_shop_gaudy_bauble, shop, nicolae_diamond_shop,
          nicolae_lakefront_shop, grunt_ministairs_4, kennysheep_orc_chapel
D:4:      layout_loops_corners, mainiacjoe_overflow_tiny_flanked,
          lemuel_tele_altar, dk_vineyard_3
D:5:      layout_basic, elyvilon_altar_4, serial_corexii_hall,
          corexii_hall_statues_t, chequers_hall_statues_corner_a, serial_shops,
          shop, gup_sewer_entry_spiral, kennysheep_diamond, minmay_fountain_box
D:6:      layout_basic, minmay_temple_entry_large_hall, serial_shops,
          nicolae_shop_just_a_little_nook, nicolae_lava_and_water,
          glass_columns_c, uniq_sigmund
D:7:      lemuel_slime, layout_layer_cave, fedhas_bush_and_centaur_altar,
          nicolae_overflow_crystal_walls

Skill      XL: |  1  2  3  4  5  6  7  8 |
---------------+-------------------------+-----
Stealth        | 3 4 |  4.3
Dodging        | 3 4 |  4.0
Conjurations   | 2 3 5 6 |  6.9
Spellcasting   | 4 5 6 8 |  8.0
Fire Magic     | 4 6 7 |  7.6
Staves         | 1 |  1.6

Action                     |  1- 3 |  4- 6 |  7- 9 || total
---------------------------+-------+-------+-------++-------
  Melee: Unarmed           |    59 |       |       ||    59
         Staff             |       |    29 |    35 ||    64
   Cast: Foxfire           |    98 |    62 |   116 ||   276
         Scorch            |       |    37 |    44 ||    81
    Use: Scroll            |       |     6 |     3 ||     9
         Potion            |       |       |     1 ||     1
   Stab: Sleeping          |     2 |     2 |     1 ||     5
 Armour: Robe              |    53 |    35 |    40 ||   128
  Dodge: Dodged            |    72 |    34 |    56 ||   162
